 Dungeon Crawl Stone Soup version 0.27-a0-1347-gd8886f0a89 (webtiles) character file.

Game seed: 5020201458416239125

49 Sabo the Chopper (level 3, -1/33 HPs)
             Began as a Draconian Berserker on June 27, 2021.
             Was a Believer of Trog.
             Slain by a gnoll (9 damage)
             ... on level 2 of the Dungeon.
             The game lasted 00:04:44 (1094 turns).

Sabo the Chopper (Draconian Berserker)              Turns: 1094, Time: 00:04:44

Health: -1/33      AC:  5    Str: 19    XL:     3   Next: 51%
Magic:  3/3        EV: 12    Int: 13    God:    Trog [**....]
Gold:   23         SH:  0    Dex: 11    Spells: 2/2 levels left

rFire    . . .     SeeInvis .   a - +0 hand axe
rCold    . . .     Faith    .   (no shield)
rNeg     . . .     Spirit   .   (armour unavailable)
rPois    .         Reflect  .   (helmet restricted)
rElec    .         Harm     .   (no cloak)
rCorr    .         Rampage  .   (no gloves)
Will     .....                  (no boots)
Stlth    +.........             (no amulet)
HPRegen  0.11/turn              e - +6 ring of intelligence
MPRegen  0.08/turn              (no ring)

@: no status effects
A: AC +5, unfitting armour, cold-blooded
a: Renounce Religion, Berserk, Trog's Hand


You were on level 2 of the Dungeon.
You worshipped Trog.
Trog was pleased with you.
You visited 1 branch of the dungeon, and saw 2 of its levels.

You collected 23 gold pieces.

Inventory:

Hand Weapons
 a - a +0 hand axe (weapon)
Missiles
 c - 8 bolts
 d - 12 arrows
Jewellery
 e - a +6 ring of intelligence (left hand)
Potions
 b - 2 potions of brilliance {unknown}
 f - a potion of haste {unknown}
 g - 2 potions of lignification {unknown}


   Skills:
 + Level 3.8 Fighting
 + Level 3.9 Axes
 + Level 3.1 Dodging


You had 2 spell levels left.
You didn't know any spells.
Your spell library was empty.

Dungeon Overview and Level Annotations

Branches:
Dungeon (2/15)

Altars:


Innate Abilities, Weirdness & Mutations

Your plain brown scales are hard. (AC +5)
You cannot fit into any form of body armour.
You are cold-blooded and may be slowed by cold attacks.


Message History

You miss the adder.
Your tail-slap misses the adder.
The adder is moderately wounded.
The adder misses you.
You slash the adder!
You kill the adder!
Trog accepts your kill.
You see here an adder corpse.
You see here an adder corpse.
You start resting.
HP restored.
Things that are here:
a +0 club; a +0 hunting sling; 13 stones
Things that are here:
a +0 club; a +0 hunting sling; 13 stones You see here an adder corpse.
Found 23 stones.
Found 8 gold pieces.
You now have 23 gold pieces (gained 8).
A gnoll comes into view. It is wielding a +0 club.
The gnoll shouts!
A gnoll comes into view. It is wielding a +0 flail. x2
A gnoll comes into view. It is wielding a +0 halberd.
The gnoll shouts! x3; You hear a shout!
The gnoll barely misses you.
You hit the gnoll.
The gnoll is moderately wounded.
The gnoll hits you but does no damage. The gnoll closely misses you.
You barely miss the gnoll.
The gnoll is moderately wounded.
The gnoll hits you with a +0 club.
The gnoll hits you from afar with a +0 halberd!
You hit the gnoll.
Your tail-slap misses the gnoll.
The gnoll is severely wounded.
The gnoll hits you with a +0 club. The gnoll completely misses you.
You hit the gnoll but do no damage.
The gnoll is severely wounded.
You closely miss the gnoll. The gnoll hits you with a +0 club!
* * * LOW HITPOINT WARNING * * *
The gnoll misses you. The gnoll hits you with a +0 flail!
You die...

......(........
...............
######g..###### . #...#
. #...# .# ###...## .##
#gg....# ###..#.
#g#....#####......
####@#....##.........
#.......g..#†##.##.#
..#...>.####..)....#
##....####.##.#..#
#..........##......#
............####.......
##.###.##....# #.######
#.###.......# #.#
..#####.### #.#


You could see 4 gnolls.

Vanquished Creatures
  An adder (D:2)
  4 ball pythons (D:1)
  7 endoplasms
  2 giant cockroaches (D:1)
  4 goblins
  4 hobgoblins (D:1)
  4 jackals (D:1)
  A quokka (D:1)
  2 bats (D:1)
  A frilled lizard (D:1)
  A kobold (D:1)
  3 rats
34 creatures vanquished.

Notes
Turn   | Place    | Note
-------+----------+-------------------------------------------
     0 | D:1      | Sabo the Draconian Berserker began the quest for the Orb.
     0 | D:1      | Reached XP level 1. HP: 19/19 MP: 1/1
   139 | D:1      | Reached XP level 2. HP: 18/26 MP: 2/2
   589 | D:1      | Reached ** piety under Trog
   597 | D:1      | Reached XP level 3. HP: 33/33 MP: 3/3
  1094 | D:2      | Slain by a gnoll

Illustrated notes

Levels and vault maps discovered:
D:1:      lemuel_arrival_funnel, layout_basic
D:2:      layout_loops_cross, basic_altar,
          shapermc_ecumenical_altar_mp_vishouse, chequers_serial_rivers_room_a

Skill      XL: |  1  2 |
---------------+-------+-----
Dodging        | 3 |  3.1
Fighting       | |  3.8
Axes           | |  3.9

Action                   || total
-------------------------++-------
Melee: Hand axe          ||    73
       Tailslap          ||     6
Armor: Skin              ||    30
Dodge: Dodged            ||    63

Table legend: (Time is in decaauts)
 A = Elapsed time spent in this place.
 B = Non-inter-level travel time spent in this place.
 C = Inter-level travel time spent in this place.
 D = Time resting spent in this place.
 E = Time spent auto-exploring this place.
 F = Levels seen in this place.
 G = Mean time per level.
                   A        B        C        D        E       F      G
               +--------+--------+--------+--------+--------+-----+--------+
         Total |   1102 |   1102 |      0 |    282 |      0 |   2 |  551.0 |
       Dungeon |   1102 |   1102 |      0 |    282 |      0 |   2 |  551.0 |
               +--------+--------+--------+--------+--------+-----+--------+

Top non-repeatable levels by time:
     D:1: 936 daAuts
     D:2: 166 daAuts
